 Dungeon Crawl Stone Soup version 0.28.0-53-g5a82cb258f (webtiles) character file.

Game seed: 16281311780293673184

4 quokkamancerX the Shooter (level 1, -1/12 HPs)
             Began as a Gargoyle Hunter on July 4, 2022.
             Slain by a kobold
             ... wielding a +0 club
              (2 damage)
             ... on level 1 of the Dungeon.
             The game lasted 00:01:27 (522 turns).

quokkamancerX the Shooter (Gargoyle Hunter)          Turns: 522, Time: 00:01:27

Health: -1/12      AC:  5    Str: 15    XL:     1   Next: 60%
Magic:  1/1        EV: 11    Int: 11    God:
Gold:   56         SH:  0    Dex: 10    Spells: 0/0 levels left

rFire   . . .      SeeInvis .   a - +1 shortbow
rCold   . . .      Faith    .   (shield currently unavailable)
rNeg    + . .      Spirit   .   c - +0 leather armour
rPois   ∞          Reflect  .   (no helmet)
rElec   +          Harm     .   (no cloak)
rCorr   .          Rampage  .   (no gloves)
Will    .....                   (no boots)
Stlth   +.........              (no amulet)
HPRegen 0.04/turn               (no ring)
MPRegen 0.07/turn               (no ring)

@: no status effects
A: sickness immunity, AC +2, negative energy resistance 1, electricity
resistance, torment resistance 1, petrification resistance
a: no special abilities


You were on level 1 of the Dungeon.
You visited 1 branch of the dungeon, and saw 1 of its levels.

You collected 56 gold pieces.

Inventory:

Hand Weapons
 a - a +1 shortbow (weapon)
 b - a +0 short sword
Missiles
 d - 15 arrows (quivered ammo)
Armour
 c - a +0 leather armour (worn)
Scrolls
 e - a scroll of blinking {unknown}


   Skills:
 - Level 2.1 Fighting
 + Level 4.2 Bows
 - Level 1.5 Dodging
 - Level 1.1 Stealth


You couldn't memorise any spells.
You didn't know any spells.
Your spell library was empty.

Dungeon Overview and Level Annotations

Branches:
Dungeon (1/15)

Altars:


Innate Abilities, Weirdness & Mutations

You are immune to sickness and miasma.
Your stone body is resilient. (AC +2)
You are immune to poison.
You resist negative energy. (rN+)
You are resistant to electric shocks. (rElec)
You are resistant to unholy torment.
You are immune to petrification.


Message History

The quokka barely misses you.
The quokka bites you but does no damage.
The quokka closely misses you.
The quokka bites you but does no damage.
The quokka barely misses you.
The frilled lizard hisses angrily.
The quokka closely misses you. The quokka bites you.
The quokka bites you but does no damage.
You are too injured to fight recklessly!
a - a +1 shortbow (weapon)
The quokka closely misses you.
Fire: 20 arrows
Press: ? - help, Q - select action Shift-Dir - straight line, f - quokka
Aim: a quokka (50% to hit)
You shoot an arrow. The arrow hits the quokka!
You kill the quokka!
Fire: 19 arrows
Press: ? - help, Q - select action Shift-Dir - straight line, f - kobold
Aim: a kobold, wielding a +0 club (53% to hit)
You shoot an arrow. The arrow closely misses the kobold.
The kobold barely misses you.
Fire: 18 arrows
Press: ? - help, Q - select action Shift-Dir - straight line, f/p - kobold
Aim: a kobold, wielding a +0 club (53% to hit)
You shoot an arrow. The arrow barely misses the kobold.
The kobold hits you with a +0 club.
* * * LOW HITPOINT WARNING * * *
Fire: 17 arrows
Press: ? - help, Q - select action Shift-Dir - straight line, f/p - kobold
Aim: a kobold, wielding a +0 club (53% to hit)
You shoot an arrow. The arrow hits the kobold.
The kobold is moderately wounded.
The kobold closely misses you.
Fire: 16 arrows
Press: ? - help, Q - select action Shift-Dir - straight line, f/p - kobold
Aim: a kobold, wielding a +0 club (moderately wounded, 53% to hit)
You shoot an arrow. The arrow closely misses the kobold.
The kobold hits you with a +0 club.
You die...

.# #.......#####.###.#
.# #.......#####.....#
.###.............#.###
..##.....#########.#
#..#...###.......#.#
.#.#####.#####.#.#
#.......# #.#.#
######### #.#.# .....
##@#.# ..#####.#
#K##.# ... #
##.##.#### ..
#..##..... .
##.#.......#
#.#.......#
#.#.......#
#.#.......# #.#......#


You could see a kobold.

Vanquished Creatures
  A giant cockroach (D:1)
  A quokka (D:1)
  A ball python (D:1)
  A kobold (D:1)
4 creatures vanquished.

Notes
Turn   | Place    | Note
-------+----------+-------------------------------------------
     0 | D:1      | quokkamancerX the Gargoyle Hunter began the quest for the
                  | Orb.
     0 | D:1      | Reached XP level 1. HP: 12/12 MP: 1/1
   522 | D:1      | Slain by a kobold

Illustrated notes

Levels and vault maps discovered:
D:1:      minmay_arrival_cross, layout_rooms, serial_co_window_serial,
          co_window_paths_b, co_window_of_opportunity_a, co_window_paths_a,
          co_window_paths_a, co_window_corner_a, co_window_paths_a,
          co_window_corner_a, co_window_paths_a, co_window_paths_a,
          co_window_unsneaky_path_a, co_window_corner_cb, co_window_broadway_c,
          co_window_unsneaky_path_b, co_window_corner_cb, co_window_corner_b,
          co_window_4corner_a, glass_columns_a, minmay_3d_cube

Action                   || total
-------------------------++-------
Melee: Short sword       ||    22
 Fire: Shortbow          ||     5
Armor: Leather armour    ||    11
Dodge: Dodged            ||    19
